 Dungeon Crawl Stone Soup version 0.22.1-2-g9c5b331 (webtiles) character file.

107290 dvd the Severer (level 16, -7/149 HPs)
             Began as a Minotaur Gladiator on Nov 29, 2018.
             Was the Champion of the Shining One.
             Blown up by an orb spider (36 damage)
             ... with an orb of destruction
             ... on level 3 of the Spider Nest.
             The game lasted 00:49:45 (17059 turns).

dvd the Severer (Minotaur Gladiator)               Turns: 17059, Time: 00:49:45

Health: -7/149     AC: 18    Str: 22    XL:     16   Next: 0%
Magic:  15/21      EV: 15    Int:  5    God:    the Shining One [******]
Gold:   1671       SH: 22    Dex: 16    Spells: 13/15 levels left

rFire    . . .     SeeInvis .   a - +5 war axe (flame)
rCold    + . .     Gourm    .   U - +2 large shield
rNeg     + + +     Faith    .   Q - +3 scale mail {MR+}
rPois    +         Spirit   .   B - +0 hat {MR+}
rElec    .         Reflect  .   L - +2 cloak {rC+}
rCorr    .         Harm     .   (no gloves)
MR       +++..     Rnd*Tele +   P - +2 pair of boots
Stlth    +.........             z - amulet of regeneration
HPRegen  0.74/turn              V - +3 ring of slaying
MPRegen  0.17/turn              m - +4 ring of slaying

@: lethally poisoned (-7 -> -7), glowing
A: retaliatory headbutt, horns 2, poison resistance, teleportitis 1
a: Divine Shield, Cleansing Flame, Summon Divine Warrior, Brand Weapon With Holy
Wrath, Renounce Religion


You were on level 3 of the Spider Nest.
You worshipped the Shining One.
The Shining One was exalted by your worship.
You were hungry.

You visited 3 branches of the dungeon, and saw 20 of its levels.
You also visited: Bailey, Ice Cave and Volcano.

You collected 1905 gold pieces.
You spent 234 gold pieces at shops.

Inventory:

Hand Weapons
 a - a +5 war axe of flaming (weapon)
 i - the +3 hand crossbow of Armageddon {freeze, +Fly rPois Dex+3 SInv, unknown}
   (You found it in an ice cave)

   It causes projectiles fired from it to freeze those they strike, causing
   extra injury to most foes and up to half again as much damage against
   particularly susceptible opponents.
   They can also slow down cold-blooded creatures.
   It affects your dexterity (+3).
   It protects you from poison.
   It lets you see invisible.
   It lets you fly.
 H - a +2 halberd of protection
Missiles
 d - 7 throwing nets
 F - 13 tomahawks (quivered)
Armour
 c - a +2 hat
 p - a +2 ring mail of fire resistance
 v - a +0 cloak
 B - a +0 hat of magic resistance (worn)
 C - the +2 leather armour of Corphuc {Regen+}
   (You found it on level 4 of the Dungeon)

   It increases your rate of regeneration.
 L - a +2 cloak of cold resistance (worn)
 N - a scarf of resistance
 P - a +2 pair of boots (worn)
 Q - a +3 scale mail of magic resistance (worn)
 S - a +1 ring mail of poison resistance
 U - a +2 large shield (worn)
 Y - a +0 ring mail of magic resistance
Jewellery
 b - a +4 ring of intelligence
 j - a +4 amulet of reflection
 m - a +4 ring of slaying (right hand)
 q - an uncursed ring of flight
 u - an uncursed ring of protection from magic
 y - an uncursed ring of protection from cold
 z - an amulet of regeneration (around neck)
 J - an uncursed ring of protection from cold
 O - an uncursed ring of wizardry
 V - a +3 ring of slaying (left hand)
Wands
 g - a wand of digging (35)
 A - a wand of paralysis (7)
 G - a wand of enslavement (17)
 I - a wand of iceblast (24)
 T - a wand of acid (25)
 W - a wand of polymorph (26)
Scrolls
 k - 23 scrolls of identify
 l - 5 scrolls of immolation
 o - 11 scrolls of remove curse
 r - 7 scrolls of teleportation
 E - a scroll of magic mapping
 K - a scroll of amnesia
 M - 4 scrolls of fog
Potions
 e - 5 potions of heal wounds
 h - 4 potions of haste
 n - 5 potions of curing
 s - 2 potions of magic
 t - 2 potions of flight
 w - a potion of ambrosia
 x - 2 potions of agility
 D - 2 potions of cancellation
Comestibles
 f - 62 rations


   Skills:
 + Level 15.4 Fighting
 + Level 18.7 Axes
 + Level 2.1(12.8) Polearms
 * Level 6.0 Throwing
 + Level 9.0 Armour
 + Level 10.1 Dodging
 + Level 2.3 Stealth
 + Level 14.7 Shields
 * Level 8.5 Invocations
 + Level 0.3 Evocations


You had 13 spell levels left.
You knew the following spells:

 Your Spells              Type           Power        Failure   Level  Hunger
a - Blink                 Tloc           N/A          100%        2    ###....

Your spell library contained the following spells:

 Spells                   Type           Power        Failure   Level  Hunger
 Beastly Appendage        Tmut           #.....       99%         1    ##.....
 Summon Small Mammal      Summ           #...         99%         1    ##.....
 Call Imp                 Summ           #.......     100%        2    ###....
 Shroud of Golubria       Chrm/Tloc      #.........   100%        2    ###....
 Sticks to Snakes         Tmut           #.......     100%        2    ###....
 Call Canine Familiar     Summ           #.......     100%        3    ####...
 Gell's Gravitas          Tloc           #.........   100%        3    ####...
 Lesser Beckoning         Tloc           #.........   100%        3    ####...
 Spider Form              Tmut/Pois      #.........   100%        3    ####...
 Summon Guardian Golem    Hex/Summ       #.......     100%        3    ####...
 Teleport Other           Tloc           #.......     100%        3    ####...
 Cause Fear               Hex            #.........   100%        4    #####..
 Ice Form                 Ice/Tmut       #.......     100%        4    #####..
 Passage of Golubria      Tloc           N/A          100%        4    #####..
 Summon Ice Beast         Ice/Summ       #.......     100%        4    #####..
 Summon Lightning Spire   Summ/Air       #.......     100%        4    #####..
 Blade Hands              Tmut           #.........   100%        5    ######.
 Silence                  Hex/Air        #.........   100%        5    ######.
 Yara's Violent Unravell  Hex/Tmut       #.........   100%        5    ######.
 Deflect Missiles         Chrm/Air       #.........   100%        6    #######
 Discord                  Hex            #.........   100%        8    #######


Dungeon Overview and Level Annotations

Branches:
Dungeon (11/15)            Temple (0/1) D:7            Lair (6/6) D:11
  Swamp (0/4) Lair:3       Spider (3/4) Lair:2        Slime (0/5) Lair:6
    Orc (0/2) D:11

Altars:
Ashenzari
Dithmenos
Fedhas
Kikubaaqudgha
Qazlal
Sif Muna
Uskayaw
The Shining One

Shops:
D:4 (}==   D:9 [!!%

Annotations:
D:9 1 runed door, exclusion: 4 orange crystal statues
D:10 3 runed doors, Bwemp's ghost, journeyman DsWn
Spider:3 Nikola


Innate Abilities, Weirdness & Mutations

You reflexively headbutt those who attack you in melee.
You have a pair of horns on your head.
Your system is resistant to poisons. (rPois)
You are occasionally teleported next to monsters.


Message History

You slash the emperor scorpion! You burn the emperor scorpion.
You headbutt the emperor scorpion!
The emperor scorpion is severely wounded.
The orb spider weaves a glowing orb of energy.
The emperor scorpion stings you. The emperor scorpion claws you.
The emperor scorpion closely misses you.
The power of Zot is invoked against you!
There is a sudden blast of acid!
The acid blast engulfs you!
* * * LOW HITPOINT WARNING * * *
You are splashed with acid!
The acid burns!
* * * LOW HITPOINT WARNING * * *
The acid blast engulfs the emperor scorpion.
The emperor scorpion is splashed with acid.
The acid corrodes the emperor scorpion!
The emperor scorpion dies!
Your Armour skill increases to level 9!
You have reached level 16!
You feel stronger. The orb of destruction hits you!
You die...

*≈≈,,,,,,*,,,,,,,,,,*≈≈**
*≈#≈...#...!....,,,,,,,,,
***≈≈.....#.....,,,,,,,,,
**≈#..........,,,,,,*,,
*#...........,,,,,,,,,
##.....s.....,,,,,,,,,
#..#...§.....,,,,,,,,,
###....§§.....,,,*,,,,,
#≈.s*†@.......,,,,,,,,,
##...|.†......,,,,,,,,*
*#....††.....$.,,,,,,,,,
#...#....ss....,,,,,,,,,
##.,≈≈......uu.,>,,,,,,,
#,.≈#....#.........,,,,
*#..................#..
#.......#...([........
*##..#.................


You could see 2 ugly things, 3 orb spiders and a jumping spider.

Vanquished Creatures
  Arachne (Spider:3)
  An Ice Fiend (IceCv)
  Rupert (Lair:4)
  2 emperor scorpions (Spider:2)
  A dire elephant (Lair:6)
  A red draconian (Volcano)
  Josephine (Lair:6)
  Harold (Lair:1)
  6 hydras
  A catoblepas (Lair:6)
  An ogre mage (Volcano)
  5 two-headed ogres
  12 death yaks
  2 unseen horrors (D:11)
  A lindwurm (Lair:6)
  An orc knight (Bailey)
  8 orb spiders
  18 wolf spiders
  4 ugly things
  6 black mambas
  3 manticores
  2 moths of wrath
  2 torpor snails
  2 molten gargoyles (Volcano)
  Psyche (D:11)
  18 spiny frogs
  3 rime drakes (Lair:6)
  6 anaconda simulacra (IceCv)
  3 komodo dragons
  12 demonic crawlers
  A golden dragon simulacrum (IceCv)
  2 freezing wraiths (IceCv)
  7 ice devils (IceCv)
  20 jumping spiders
  A polar bear (Lair:5)
  A wolf spider simulacrum (IceCv)
  2 trolls
  3 hornets
  7 hippogriffs
  13 blink frogs
  6 dream sheep (Lair:6)
  21 tarantellas
  46 redbacks
  A dire elephant simulacrum (IceCv)
  67 yaks
  A basilisk (Lair:6)
  6 fire bats (Volcano)
  A wyvern (D:10)
  2 death yak simulacra (IceCv)
  5 wraiths (Lair:6)
  A hungry ghost (D:10)
  A harpy simulacrum (IceCv)
  Edmund (D:6)
  6 insubstantial wisps (Lair:3)
  3 hydra simulacra (IceCv)
  An acid dragon (D:11)
  3 porcupines
  12 water moccasins
  16 orc warriors
  2 black bears
  An ice beast (D:7)
  24 wolves
  3 ettin simulacra (IceCv)
  A phantom (D:10)
  6 ogres
  A necrophage (D:8)
  4 centaurs
  5 crocodiles
  3 big kobolds
  16 bullfrogs
  4 scorpions
  An elephant simulacrum (IceCv)
  5 wights (D:11)
  3 howler monkeys
  2 centaur zombies
  7 lava snakes (Volcano)
  4 crimson imps
  A bullfrog zombie (D:5)
  3 draconian simulacra (IceCv)
  5 jellies
  A quasit (D:6)
  4 orc priests
  Crazy Yiuf (D:6)
  6 hounds
  4 bullfrog skeletons
  2 iguanas
  13 orc wizards
  A polar bear simulacrum (IceCv)
  9 worker ants
  2 troll simulacra (IceCv)
  A killer bee zombie (D:5)
  A centaur simulacrum (IceCv)
  A hound skeleton (D:7)
  A worker ant zombie (D:8)
  12 gnolls
  14 adders
  3 ogre simulacra (IceCv)
  A naga simulacrum (IceCv)
  4 shadow imps
  4 white imps (IceCv)
  4 ufetubi (IceCv)
  An adder zombie (D:6)
  5 oozes
  2 adder skeletons
  5 worms
  5 dart slugs
  5 leopard geckos
  44 orcs
  3 ball pythons
  9 bats
  3 bat zombies (D:3)
  8 giant cockroaches
  20 goblins
  10 hobgoblins
  12 jackals
  24 kobolds
  7 quokkas
  2 frilled lizards (D:1)
  A leopard gecko skeleton (D:5)
  A leopard gecko zombie (D:6)
  6 rats
  A rat zombie (D:3)
  2 butterflies
  A fungus (Lair:4)
  2 plants
752 creatures vanquished.

Vanquished Creatures (others)
  An emperor scorpion (Spider:3)
  A cyclops (D:11)
  2 jumping spiders
  A hornet (Spider:3)
  3 tarantellas (Spider:3)
  A redback (Spider:3)
  3 orc warriors (Bailey)
  2 white imps (IceCv)
  An ufetubus (IceCv)
  11 orcs (Bailey)
  A kobold (D:11)
  A bush (Lair:5)
  2 fungi (Lair:6)
  8 plants (D:11)
38 creatures vanquished.

Grand Total: 790 creatures vanquished

Notes
Turn   | Place    | Note
-------+----------+-------------------------------------------
     0 | D:1      | dvd the Minotaur Gladiator began the quest for the Orb.
     0 | D:1      | Reached XP level 1. HP: 18/18 MP: 0/0
   164 | D:1      | Reached skill level 4 in Axes
   164 | D:1      | Reached XP level 2. HP: 19/25 MP: 1/1
   482 | D:1      | Reached XP level 3. HP: 23/30 MP: 2/2
   935 | D:2      | Found a glowing golden altar of the Shining One.
   969 | D:2      | Became a worshipper of the Shining One
  1062 | D:2      | Reached XP level 4. HP: 37/37 MP: 3/3
  1175 | D:2      | Reached skill level 5 in Axes
  1702 | D:3      | Reached XP level 5. HP: 44/44 MP: 4/4
  1909 | D:3      | Reached skill level 6 in Axes
  2030 | D:3      | Reached * piety under the Shining One
  2034 | D:3      | Found an ancient bone altar of Kikubaaqudgha.
  2171 | D:4      | Reached skill level 1 in Armour
  2199 | D:4      | Reached XP level 6. HP: 45/51 MP: 5/5
  2335 | D:4      | Got a fine leather armour
  2336 | D:4      | Identified the +2 leather armour of Corphuc {Regen+} (You
                  | found it on level 4 of the Dungeon)
  2351 | D:4      | Found Estel's Jewellery Boutique.
  2519 | D:4      | Reached skill level 7 in Axes
  2530 | D:4      | Found a shadowy altar of Dithmenos.
  2551 | D:4      | Found Deebal's Jewellery Boutique.
  2660 | D:4      | Found Legec's Gadget Boutique.
  2660 | D:4      | Found Peitz's Antique Weapon Emporium.
  2818 | D:4      | Noticed an orc warrior
  2824 | D:4      | Killed an orc warrior
  2833 | D:4      | Reached XP level 7. HP: 27/59 MP: 6/6
  2941 | D:5      | Entered Level 5 of the Dungeon
  2950 | D:5      | Reached skill level 5 in Dodging
  2951 | D:5      | Reached skill level 8 in Axes
  2982 | D:5      | Found a transporter.
  3034 | D:5      | Reached ** piety under the Shining One
  3043 | D:5      | Found a transporter.
  3351 | D:5      | Reached skill level 9 in Axes
  3351 | D:5      | Reached XP level 8. HP: 67/67 MP: 7/7
  3372 | D:5      | Got a fine dagger
  3492 | D:6      | Noticed Edmund
  3501 | D:6      | Killed Edmund
  3501 | D:6      | Reached skill level 5 in Fighting
  3548 | D:6      | Found a stormy altar of Qazlal.
  3716 | D:6      | Reached skill level 10 in Axes
  4015 | D:6      | Found a runed door.
  4019 | D:6      | Noticed Crazy Yiuf
  4022 | D:6      | Killed Crazy Yiuf
  4598 | D:7      | Found a staircase to the Ecumenical Temple.
  4765 | D:7      | Reached skill level 11 in Axes
  4765 | D:7      | Reached XP level 9. HP: 66/75 MP: 8/8
  4947 | D:8      | Reached *** piety under the Shining One
  4989 | D:8      | Reached skill level 1 in Polearms
  5016 | D:8      | Reached skill level 1 in Shields
  5281 | D:8      | Reached skill level 5 in Armour
  5613 | D:9      | Found Ipaluwe's Food Emporium.
  5621 | D:9      | Reached skill level 12 in Axes
  5652 | D:9      | Found Zumeuxergh's Distillery.
  5663 | D:9      | Bought a potion of curing for 39 gold pieces
  5663 | D:9      | Bought a potion of haste for 130 gold pieces
  5663 | D:9      | Bought a potion of heal wounds for 65 gold pieces
  5734 | D:9      | Found the +10 large shield of Ignorance {rN+ Int-4}
  5737 | D:9      | Found a runed door.
  5744 | D:9      | Noticed an orange crystal statue
  5744 | D:9      | Noticed an orange crystal statue
  5744 | D:9      | Noticed an orange crystal statue
  5744 | D:9      | Noticed an orange crystal statue
  6017 | D:9      | Found Jititirch's Distillery.
  6177 | D:9      | Found Vydun's Armour Boutique.
  6285 | D:9      | Found a deep blue altar of Sif Muna.
  6442 | D:9      | Found a blossoming altar of Fedhas.
  6443 | D:9      | Found a hide-covered altar of Uskayaw.
  6444 | D:9      | Found a stormy altar of Qazlal.
  6546 | D:9      | Found a runed door.
  6595 | D:10     | Entered Level 10 of the Dungeon
  6595 | D:10     | Noticed a troll
  6598 | D:10     | Reached **** piety under the Shining One
  6602 | D:10     | Killed a troll
  6606 | D:10     | Reached XP level 10. HP: 54/86 MP: 9/9
  6607 | D:10     | Reached skill level 13 in Axes
  6746 | D:10     | Gained mutation: You are occasionally teleported next to
                  | monsters. [potion of mutation]
  6746 | D:10     | Gained mutation: Your system is resistant to poisons.
                  | (rPois) [potion of mutation]
  6965 | D:10     | Reached skill level 14 in Axes
  7016 | D:10     | Noticed a two-headed ogre
  7025 | D:10     | Killed a two-headed ogre
  7025 | D:10     | Reached skill level 5 in Shields
  7107 | D:10     | Found a runed gate.
  7107 | D:10     | Found a runed gate.
  7109 | D:10     | Found a runed gate.
  7113 | D:10     | Found a glowing golden altar of the Shining One.
  7121 | D:10     | Noticed Bwemp's ghost (journeyman DsWn)
  7368 | D:11     | Noticed Psyche
  7374 | D:11     | Killed Psyche
  7374 | D:11     | Reached XP level 11. HP: 87/97 MP: 10/10
  7435 | D:11     | Noticed an unseen horror
  7440 | D:11     | Killed an unseen horror
  7482 | D:11     | Found a flagged portal.
  7495 | Bailey   | Entered a bailey
  7933 | Bailey   | Learned a level 2 spell: Blink
  7933 | Bailey   | Noticed an orc knight
  8011 | Bailey   | Killed an orc knight
  8011 | Bailey   | Reached skill level 1 in Stealth
  8159 | D:11     | Found a staircase to the Lair.
  8202 | D:11     | Reached skill level 1 in Invocations
  8216 | D:11     | Noticed a white ugly thing
  8224 | D:11     | Killed a white ugly thing
  8224 | D:11     | Reached skill level 10 in Fighting
  8224 | D:11     | Reached skill level 15 in Axes
  8228 | D:11     | Noticed an unseen horror
  8234 | D:11     | Killed an unseen horror
  8239 | D:11     | Found a staircase to the Orcish Mines.
  8594 | D:11     | Reached ***** piety under the Shining One
  8761 | Lair:1   | Entered Level 1 of the Lair of Beasts
  9007 | Lair:1   | Noticed Harold
  9020 | Lair:1   | Killed Harold
  9020 | Lair:1   | Reached XP level 12. HP: 86/108 MP: 11/11
  9081 | Lair:1   | Found a dark tunnel.
  9095 | Volcano  | Entered a volcano
  9111 | Volcano  | Noticed a red draconian
  9118 | Volcano  | Killed a red draconian
  9141 | Volcano  | Found a bloodstained altar of Trog.
  9141 | Volcano  | Noticed a two-headed ogre
  9141 | Volcano  | Noticed a two-headed ogre
  9141 | Volcano  | Noticed an ogre mage
  9147 | Volcano  | Killed a two-headed ogre
  9147 | Volcano  | Reached skill level 16 in Axes
  9151 | Volcano  | Killed an ogre mage
  9155 | Volcano  | Killed a two-headed ogre
  9261 | Volcano  | Noticed a two-headed ogre
  9265 | Volcano  | Killed a two-headed ogre
  9290 | Volcano  | Noticed a two-headed ogre
  9298 | Volcano  | Killed a two-headed ogre
  9524 | Lair:1   | Found a shattered altar of Ashenzari.
  9655 | Lair:2   | Found a hole to the Spider Nest.
  9967 | Lair:2   | Noticed an eight-headed hydra
  9974 | Lair:2   | Killed a four-headed hydra
 10355 | Lair:3   | Reached skill level 10 in Shields
 10379 | Lair:3   | You fall through a shaft for 2 floors!
 10404 | Lair:5   | Noticed a death yak
 10406 | Lair:5   | Noticed a death yak
 10407 | Lair:5   | Noticed a death yak
 10411 | Lair:5   | Noticed a death yak
 10413 | Lair:5   | Noticed a death yak
 10413 | Lair:5   | Noticed a death yak
 10414 | Lair:5   | Killed a death yak
 10419 | Lair:5   | Killed a death yak
 10419 | Lair:5   | Reached XP level 13. HP: 101/119 MP: 12/12
 10697 | Lair:5   | Reached skill level 17 in Axes
 11567 | Lair:6   | Entered Level 6 of the Lair of Beasts
 11902 | Lair:6   | Reached XP level 14. HP: 123/130 MP: 15/15
 12064 | Lair:6   | Noticed Josephine
 12069 | Lair:6   | Reached ****** piety under the Shining One
 12073 | Lair:6   | Killed Josephine
 12157 | Lair:6   | Found a staircase to the Slime Pits.
 12279 | Lair:6   | Reached skill level 18 in Axes
 12729 | Lair:4   | Reached skill level 5 in Invocations
 12788 | Lair:4   | Noticed Rupert
 12788 | Lair:4   | Paralysed by Rupert for 3 turns
 12802 | Lair:4   | Killed Rupert
 13498 | Lair:3   | Found a staircase to the Swamp.
 14165 | Spider:1 | Entered Level 1 of the Spider Nest
 14319 | Spider:1 | Reached XP level 15. HP: 57/139 MP: 18/18
 15159 | Spider:2 | Identified a scroll of acquirement
 15491 | Spider:2 | Reached skill level 15 in Fighting
 15899 | Spider:3 | Found a frozen archway.
 15899 | Spider:3 | Noticed Nikola
 15927 | IceCv    | Entered an ice cave
 16071 | IceCv    | Reached skill level 5 in Throwing
 16180 | IceCv    | Got a dazzling hand crossbow
 16239 | IceCv    | Noticed an Ice Fiend
 16254 | IceCv    | Killed an Ice Fiend
 16254 | IceCv    | Reached skill level 10 in Dodging
 17034 | Spider:3 | Noticed Arachne
 17047 | Spider:3 | Paralysed by a hornet for 1 turns
 17057 | Spider:3 | Killed Arachne
 17059 | Spider:3 | Reached XP level 16. HP: 29/149 MP: 15/21
 17059 | Spider:3 | Blown up by an orb spider

Skill      XL: |  1  2  3  4  5  6  7  8  9 10 11 12 13 14 15 |
---------------+----------------------------------------------+-----
Axes           | 4 5 6 7 9 11 12 14 15 16 17 18 | 18.7
Dodging        | 4 5 6 7 8 9 10 | 10.1
Fighting       | 3 4 6 7 9 10 12 13 14 15 | 15.4
Armour         | 1 2 3 4 5 6 7 9 |  9.0
Polearms       | 2 |  2.1
Shields        | 3 5 8 10 12 13 14 | 14.7
Stealth        | 1 2 |  2.3
Invocations    | 1 3 6 8 |  8.5
Throwing       | 3 6 |  6.0
Evocations     | |  0.3

Action                   |  1- 3 |  4- 6 |  7- 9 | 10-12 | 13-15 | 16-18 || total
-------------------------+-------+-------+-------+-------+-------+-------++-------
Melee: War axe           |    52 |   114 |   183 |   289 |   638 |       ||  1276
       Headbutt          |     3 |    16 |    39 |    66 |   159 |       ||   283
       Halberd           |       |       |     7 |       |       |       ||     7
Throw: Tomahawk          |       |       |       |     1 |    35 |       ||    36
Invok: Divine Shield     |       |       |       |     1 |       |       ||     1
       Cleansing Flame   |       |       |       |       |     7 |       ||     7
Evoke: Wand              |       |       |       |       |     3 |       ||     3
  Use: Scroll            |       |     1 |       |    19 |     9 |       ||    29
       Potion            |       |       |       |    11 |     9 |       ||    20
  Eat: Chunk             |     1 |     5 |    11 |    13 |    19 |       ||    49
       Ration            |       |       |       |       |     1 |       ||     1
Armor: Leather armour    |    11 |     6 |    23 |    13 |       |       ||    53
       Ring mail         |     3 |    22 |    18 |    18 |    46 |       ||   107
       Scale mail        |       |       |       |       |   144 |       ||   144
Dodge: Dodged            |    48 |    83 |    77 |    73 |   264 |       ||   545
Block: Other             |     6 |    25 |    15 |       |       |       ||    46
       Reflection        |       |     1 |     9 |    54 |       |       ||    64
       Large shield      |       |       |    69 |   319 |   755 |       ||  1143
